 Dungeon Crawl Stone Soup version 0.25-a0-292-gaa31f046c4 (webtiles) character file.

Game seed: 9787102932683769573, levelgen mode: classic

53 Borgoz the Sneak (level 4, 0/30 HPs)
             Began as a Halfling Assassin on Dec 15, 2019.
             Slain by Terence
             ... wielding a +2 hand axe of draining
              (2 damage)
             ... on level 2 of the Dungeon.
             The game lasted 00:02:03 (1584 turns).

Borgoz the Sneak (Halfling Assassin)                Turns: 1584, Time: 00:02:04

Health: 0/30       AC:  6    Str: 17    XL:     4   Next: 11%
Magic:  0/4        EV: 12    Int:  9    God:
Gold:   16         SH:  0    Dex: 16    Spells: 3/3 levels left

rFire    . . .     SeeInvis .   a - +2 dagger
rCold    . . .     Gourm    .   (shield restricted)
rNeg     . . .     Faith    .   n - +0 ring mail
rPois    .         Spirit   +   (no helmet)
rElec    .         Reflect  .   c - +0 cloak
rCorr    .         Harm     .   (no gloves)
MR       .....                  (no boots)
Stlth    +.........             l - amulet of guardian spirit
HPRegen  0.10/turn              (no ring)
MPRegen  0.09/turn              (no ring)

@: mighty, very heavily drained
A: small, mutation resistance 1
a: no special abilities


You were on level 2 of the Dungeon.
You were not hungry.

You visited 1 branch of the dungeon, and saw 2 of its levels.

You collected 16 gold pieces.

Inventory:

Hand Weapons
 a - a +2 dagger (weapon)
Missiles
 d - 7 poisoned darts (quivered)
 e - 2 curare-tipped darts
Armour
 c - a +0 cloak (worn)
 n - a +0 ring mail (worn)
Jewellery
 l - an amulet of guardian spirit (around neck)
 r - an uncursed ring of protection from fire {unknown}
Scrolls
 g - a scroll of magic mapping {unknown}
 h - 2 scrolls of fog {unknown}
 i - a scroll of identify {unknown}
 k - a scroll of noise {unknown}
 p - a scroll of enchant armour {unknown}
 q - a scroll of teleportation {unknown}
Potions
 j - 2 potions of agility {unknown}
 m - a potion of ambrosia {unknown}
Comestibles
 f - 2 rations
 o - 2 chunks of flesh


   Skills:
 * Level 2.3(0.0) Fighting
 * Level 3.1(0.0) Short Blades
 - Level 2.0(0.0) Throwing
 * Level 1.5(0.0) Armour
 * Level 2.0(0.0) Dodging
 + Level 4.5(0.7) Stealth


You had 3 spell levels left.
You didn't know any spells.
Your spell library was empty.

Dungeon Overview and Level Annotations

Branches:
Dungeon (2/15)

Altars:
Gozag

Annotations:
D:2 Terence


Innate Abilities, Weirdness & Mutations

You are small and have problems with some larger weapons.
You are somewhat resistant to further mutation.


Message History

You throw a poisoned dart. The poisoned dart hits Terence.
Terence is poisoned.
Terence is moderately wounded.
Terence misses you.
Terence bares his teeth.
There is an open door here.
You barely miss Terence.
Terence is heavily wounded.
Terence hits you with a +2 hand axe of draining.
* * * LOW HITPOINT WARNING * * *
You feel drained.
* * * LOW HITPOINT WARNING * * *
The rat twitches its whiskers.
You hit Terence.
Terence is severely wounded.
Terence misses you.
You completely miss Terence.
Terence is almost dead.
Terence bares his teeth.
Terence hits you with a +2 hand axe of draining.
You die...

#.........# .......
# ##........#
....... .#
####.....# ..[....
#.#
#...#.######.......
..#
#...#..............
###..#
#...#......>..#
.....#
#...#.........#
###.#
########.........#
###+##
#..(.r@@.........#
......
#.######.........#
......####.#
#"........#
.....$..r.#
###########
#+#......# +......#
#.....># #.....##
#.....#


You could see Terence and a rat.

Vanquished Creatures
  A worker ant zombie (D:2)
  An ooze (D:1)
  2 dart slugs
  A leopard gecko (D:1)
  A giant cockroach (D:2)
  A goblin (D:2)
  2 hobgoblins (D:2)
  4 jackals (D:1)
  A quokka (D:2)
  9 bats
  A frilled lizard (D:1)
  4 kobolds (D:1)
  8 rats
36 creatures vanquished.

Notes
Turn   | Place    | Note
-------+----------+-------------------------------------------
     0 | D:1      | Borgoz the Halfling Assassin began the quest for the Orb.
     0 | D:1      | Reached XP level 1. HP: 14/14 MP: 1/1
    73 | D:1      | Reached XP level 2. HP: 17/19 MP: 2/2
   303 | D:1      | Reached skill level 1 in Armour
   576 | D:1      | Reached XP level 3. HP: 16/24 MP: 3/3
  1322 | D:2      | Found an opulent altar of Gozag.
  1346 | D:2      | Found a faded altar of an unknown god.
  1530 | D:2      | Reached XP level 4. HP: 25/30 MP: 4/4
  1553 | D:2      | Noticed Terence
  1584 | D:2      | Slain by Terence

Levels and vault maps discovered:
D:1:      ncdulo_wetmaze, layout_basic, minivault_24
D:2:      layout_basic, lemuel_doored_altar,
          chequers_ecumenical_altar_simple_redux, uniq_terence

Skill      XL: |  1  2  3 |
---------------+----------+-----
Fighting       | 2 |  2.3
Armour         | 1 |  1.5
Short Blades   | 3 |  3.1
Dodging        | 2 |  2.0
Throwing       | |  2.0
Stealth        | |  4.5

Action                   |  1- 3 |  4- 6 || total
-------------------------+-------+-------++-------
Melee: Dagger            |   133 |    13 ||   146
Throw: Dart              |       |     1 ||     1
  Use: Potion            |       |     1 ||     1
 Stab: Sleeping          |     7 |       ||     7
  Eat: Chunk             |     2 |       ||     2
Armor: Robe              |    25 |       ||    25
       Ring mail         |    18 |     1 ||    19
Dodge: Dodged            |   105 |     6 ||   111

Table legend:
 A = Non-vault XP
 B = Vault XP
 C = Vault XP percentage of total XP
 D = Non-vault monster count
 E = Vault monster count
 F = Vault count percentage of total count
                 A         B        C        D         E       F
            +---------+---------+-------+---------+---------+-------
      Total |      77 |       0 |   0.0 |      36 |       0 |   0.0
            +---------+---------+-------+---------+---------+-------
        D:1 |      46 |       0 |   0.0 |      27 |       0 |   0.0
        D:2 |      31 |       0 |   0.0 |       9 |       0 |   0.0
            +---------+---------+-------+---------+---------+-------
